Map: 트라이튼 - 래더

Players

IlIllIllIllI - Winner!

  • Race: Protoss Protoss
  • League: Grandmaster
  • Spawn Location: 11:00

llllllllllll

  • Race: Terran Terran
  • League: Grandmaster
  • Spawn Location: 5:00

VOD

Have the link to the VOD?

Description

Time

  • Played on: Sept. 16, 2019, 3:04 a.m.
  • Length: 11:03
Show
View Real Time Build Order
Export as new Build Order

IlIllIllIllI Protoss - Winner!

Build Orders: 1 Gate Expand 

Get SALT Encoding   

  12  0:00  Probe  
  13  0:12  Probe  
  14  0:17  Pylon  
  14  0:24  Probe (Chrono Boost)  
  15  0:36  Probe (Chrono Boost)  
  15  0:37  Gateway  
  16  0:45  Probe (Chrono Boost)  
  16  0:46  Assimilator  
  17  0:51  Probe  
  18  1:03  Probe  
  19  1:15  Probe  
  20  1:23  Cybernetics Core  
  20  1:34  Nexus  
  20  1:41  Pylon  
  20  1:45  Assimilator  
  20  1:48  Probe  
  21  1:57  Adept (Chrono Boost)  
  23  2:03  Pylon  
  23  2:05  Warp Gate  
  23  2:09  Probe  
  24  2:18  Adept (Chrono Boost)  
  24  2:21  Probe  
  27  2:32  Robotics Facility  
  27  2:43  Probe  
  26  2:50  Robotics Facility  
  26  3:01  Probe  
  26  3:02  Probe  
  28  3:16  Probe  
  28  3:17  Probe  
  34  3:29  Immortal (Chrono Boost)  
  34  3:37  Warp Prism (Chrono Boost)  
  36  3:44  Probe x2  
  38  3:57  Immortal (Chrono Boost)  
  41  4:11  Observer (Chrono Boost)  
  41  4:12  Probe x2  
  43  4:23  Immortal (Chrono Boost)  
  47  4:51  Gateway  
  45  4:52  Gateway  
  45  4:55  Pylon x2  
  45  5:03  Probe x2  
  45  5:06  Twilight Council  
  47  5:07  Pylon  
  47  5:08  Pylon  
  47  5:11  Pylon  
  47  5:15  Probe  
  48  5:22  Probe  
  49  5:28  Probe  
  49  5:30  Gateway  
  49  5:31  Gateway  
  49  5:33  Gateway  
  49  5:34  Sentry  
  52  5:48  Charge (Chrono Boost)  
  52  5:52  Probe x2, Stalker  
  52  5:55  Stalker  
  58  6:04  Gateway  
  58  6:05  Gateway  
  58  6:08  Forge  
  58  6:25  Zealot x3, Sentry  
  62  6:34  Protoss Ground Armor Level 1 (Chrono Boost)  
  62  6:37  Zealot x2  
  66  6:53  Observer, Templar Archives  
  66  6:54  Assimilator  
  66  6:56  Robotics Facility, Assimilator  
  64  7:07  Stalker  
  64  7:08  Stalker  
  68  7:12  Pylon  
  68  7:14  Pylon  
  68  7:26  Probe x2  
  69  7:33  Pylon, Zealot x6  
  69  7:34  Pylon, Stalker  
  69  7:35  Psionic Storm  
  69  7:36  Zealot  
  73  7:59  Zealot x4  
  81  8:09  Probe  
  81  8:10  Probe  
  81  8:11  High Templar  
  85  8:14  Stalker  
  85  8:16  Protoss Ground Weapons Level 1 (Chrono Boost)  
  87  8:23  High Templar  
  87  8:24  Zealot x2  
  93  8:31  Stalker x2  
  97  8:39  Zealot x2  
  99  8:44  Zealot  
  99  8:47  Zealot  
  97  8:53  Stalker  
  95  9:14  Warp Prism  
  89  9:20  High Templar  
  89  9:21  Zealot x3, High Templar  
  89  9:22  Zealot  
  101  9:31  High Templar  
  101  9:32  High Templar  
  101  9:37  Archon  
  105  9:43  Pylon  
  105  9:45  Pylon  
  105  9:46  Stalker x2  
  105  9:49  Pylon  
  109  9:56  Zealot  
  109  9:57  Zealot  
  109  10:04  Probe x2  
  110  10:17  High Templar x2  
  110  10:19  Zealot x4  
  122  10:21  Archon  
  122  10:26  Zealot x5  
  122  10:27  Zealot  
  120  10:47  Archon  
  120  10:49  Archon  
  110  10:51  Zealot x5  
  110  10:52  Zealot  
Show
View Real Time Build Order
Export as new Build Order

llllllllllll Terran 

Build Orders: Reaper Expand 

Get SALT Encoding   

  12  0:00  SCV  
  13  0:13  SCV  
  14  0:17  Supply Depot  
  14  0:25  SCV  
  15  0:38  SCV  
  15  0:39  Barracks  
  16  0:43  Refinery  
  16  0:50  SCV  
  17  1:03  SCV  
  18  1:15  SCV  
  19  1:26  Reaper  
  19  1:27  Orbital Command  
  20  1:39  Command Center  
  20  1:52  SCV  
  21  1:57  Marine  
  22  2:03  Supply Depot  
  22  2:08  SCV  
  23  2:09  Factory  
  23  2:15  Barracks Tech Lab  
  23  2:25  SCV  
  24  2:37  SCV  
  25  2:49  SCV  
  25  2:55  Command Center  
  25  2:57  Orbital Command  
  25  3:01  SCV  
  25  3:03  Cyclone  
  29  3:06  Barracks Reactor  
  29  3:13  SCV  
  29  3:18  Barracks  
  29  3:25  Barracks, SCV  
  29  3:26  Supply Depot  
  30  3:39  Refinery  
  29  3:44  Marine  
  29  3:45  Marine  
  29  3:46  Bunker  
  31  3:53  Siege Tank  
  31  3:54  SCV  
  35  3:57  SCV  
  36  4:04  Marine x2  
  36  4:05  Barracks Tech Lab  
  36  4:06  SCV  
  36  4:07  Orbital Command  
  36  4:09  SCV  
  40  4:13  Orbital Command, Marine  
  41  4:22  Marine x2  
  43  4:25  Stimpack  
  43  4:31  Marine x2  
  43  4:39  Marine x2  
  43  4:41  Supply Depot x2  
  45  4:48  Siege Tank  
  45  4:49  Marine  
  49  4:58  SCV x3  
  51  5:02  Marine  
  51  5:03  Marine x2  
  54  5:09  Starport  
  54  5:18  Supply Depot  
  54  5:28  Marine x4  
  54  5:32  SCV x2  
  60  5:42  Orbital Command  
  60  5:46  Medivac, Marine  
  60  5:52  Marine x3  
  63  5:58  Siege Tank  
  63  6:03  SCV x2  
  68  6:05  Marine  
  68  6:09  SCV  
  70  6:15  SCV  
  68  6:21  Marine x2  
  68  6:25  Marine, SCV x2  
  72  6:26  Marine  
  72  6:27  Medivac  
  72  6:29  SCV  
  77  6:35  Supply Depot  
  77  6:37  SCV x2  
  77  6:38  Engineering Bay  
  79  6:41  Barracks Tech Lab, SCV  
  80  6:49  Combat Shield, Marine x2, Marauder  
  80  6:51  SCV  
  80  6:53  Refinery  
  85  6:57  Supply Depot, SCV  
  88  7:02  Starport Reactor  
  88  7:08  Missile Turret  
  86  7:10  Missile Turret  
  86  7:12  Supply Depot x2  
  86  7:20  SCV x2  
  86  7:21  SCV, Terran Infantry Weapons Level 1  
  89  7:27  Refinery  
  89  7:28  Marine x3  
  92  7:30  Marine  
  92  7:36  Supply Depot  
  93  7:37  Supply Depot  
  93  7:40  Orbital Command  
  93  7:46  SCV  
  93  7:48  Barracks  
  93  7:49  Barracks  
  89  7:56  Marine  
  89  7:57  Marauder  
  89  7:58  Marauder, Marine  
  82  8:00  Medivac x2  
  82  8:02  SCV  
  82  8:03  SCV  
  89  8:08  SCV  
  90  8:14  Marine  
  90  8:15  SCV  
  90  8:16  Marine  
  93  8:23  SCV x2  
  95  8:30  Refinery, Command Center  
  95  8:31  Refinery  
  95  8:32  Armory, Engineering Bay  
  95  8:35  Ghost Academy  
  95  8:36  Barracks Tech Lab  
  95  8:37  Barracks Reactor  
  95  8:38  Siege Tank, Barracks x2  
  94  8:44  SCV x2  
  94  8:45  SCV  
  90  8:56  SCV  
  90  8:57  SCV  
  90  8:58  Marauder, Marine x2  
  90  8:59  Marauder x2  
  90  9:00  Medivac x2  
  90  9:02  SCV  
  102  9:09  SCV x2  
  102  9:14  SCV  
  99  9:20  Marauder  
  99  9:21  SCV x2  
  99  9:22  Ghost  
  99  9:23  Marine x3  
  99  9:24  Marine  
  111  9:26  SCV  
  111  9:27  Barracks Reactor  
  111  9:31  Barracks  
  112  9:33  SCV x2  
  112  9:34  Marauder x2  
  112  9:36  Factory Reactor  
  112  9:38  SCV  
  117  9:39  Supply Depot  
  117  9:40  Supply Depot  
  117  9:41  Marine x2  
  119  9:49  Marine x2  
  119  9:51  SCV x2  
  119  9:52  Marauder  
  125  9:56  Marauder x2  
  129  10:01  Marauder, Marine  
  128  10:07  Planetary Fortress  
  128  10:09  SCV x2  
  128  10:10  SCV  
  128  10:13  Marauder  
  133  10:16  Sensor Tower  
  133  10:17  Marauder  
  135  10:21  SCV  
  135  10:22  SCV  
  135  10:24  Marauder, Marine x2  
  135  10:25  Command Center  
  141  10:33  Missile Turret  
  140  10:37  Missile Turret  
  131  10:43  Marine x2  
Tags
 
Add a new tag
Caveats
  • Supply blocks, unpowered buildings, or Contaminate may cause inaccurate times.
  • Supply counts are checked every 10 seconds.